 Dungeon Crawl Stone Soup version 0.23.2-1-ga50397a6bc (webtiles) character file.

Game seed: 3030758307490458005

749 Revguard the Chopper (level 7, -8/53 HPs)
             Began as a Demonspawn Gladiator on Apr 16, 2019.
             Mangled by Duvessa
             ... wielding a +0 short sword
              (10 damage)
             ... on level 4 of the Dungeon.
             The game lasted 00:12:14 (2984 turns).

Revguard the Chopper (Demonspawn Gladiator)         Turns: 2984, Time: 00:12:14

Health: -8/53      AC: 11    Str: 19    XL:     7   Next: 48%
Magic:  0/16       EV: 11    Int:  9    God:
Gold:   201        SH:  6    Dex: 14    Spells: 6/6 levels left

rFire    . . .     SeeInvis .   a - +1 war axe
rCold    . . .     Gourm    .   (no shield)
rNeg     . . .     Faith    .   o - +0 scale mail
rPois    .         Spirit   +   b - +1 hat
rElec    .         Reflect  .   t - +1 cloak
rCorr    .         Harm     .   p - +0 pair of gloves
MR       .....     Clarity  +   (no boots)
Stlth    ..........             (no amulet)
HPRegen  0.17/turn              s - ring of magical power
MPRegen  0.15/turn              (no ring)

@: no status effects
A: large bone plates 2, clarity, deterioration 1, strong 1, magic shield,
MP-powered wands
a: no special abilities


You were on level 4 of the Dungeon.
You were not hungry.

You visited 1 branch of the dungeon, and saw 4 of its levels.

You collected 201 gold pieces.

Inventory:

Hand Weapons
 a - a +1 war axe (weapon)
Missiles
 d - 3 throwing nets (quivered)
Armour
 b - a +1 hat (worn)
 c - a +0 helmet
 g - a +0 chain mail
 o - a +0 scale mail (worn)
 p - a +0 pair of gloves (worn)
 t - a +1 cloak (worn)
Jewellery
 s - a ring of magical power (left hand)
Wands
 q - a wand of flame (14)
Scrolls
 e - 3 scrolls of amnesia
 h - 2 scrolls of teleportation
 k - 4 scrolls of remove curse
 l - a scroll of identify
 m - a scroll of enchant armour
Comestibles
 f - 5 rations


   Skills:
 + Level 3.7 Fighting
 + Level 6.2 Axes
 - Level 1.7 Throwing
 + Level 3.1 Armour
 + Level 3.7 Dodging


You had 6 spell levels left.
You didn't know any spells.
Your spell library contained the following spells:

 Spells                   Type           Power        Failure   Level  Hunger
 Beastly Appendage        Tmut           #.....       77%         1    ##.....
 Sticks to Snakes         Tmut           #.......     88%         2    ###....
 Spider Form              Tmut/Pois      #.........   98%         3    ####...
 Ice Form                 Ice/Tmut       #.......     100%        4    #####..
 Blade Hands              Tmut           #.........   100%        5    ######.


Dungeon Overview and Level Annotations

Branches:
Dungeon (4/15)
 Temple: D:4-7

Altars:

Annotations:
D:4 Duvessa


Innate Abilities, Weirdness & Mutations

You are mostly covered in large bone plates. (SH +6)
When hurt, damage is shared between your health and your magic reserves.
You possess an exceptional clarity of mind.
Your body sometimes deteriorates upon taking damage.
Your muscles are strong. (Str +2)
You expend magic power (3 MP) to strengthen your wands.


Message History

Duvessa is moderately wounded.
Duvessa hits you with a +0 short sword!
* * * LOW HITPOINT WARNING * * *
Duvessa hits you but does no damage.
You hit Duvessa but do no damage.
Duvessa is moderately wounded.
Duvessa hits you but does no damage.
You hit Duvessa.
Duvessa is moderately wounded.
Duvessa hits you with a +0 short sword.
* * * LOW HITPOINT WARNING * * *
Duvessa hits you with a +0 short sword!
* * * LOW HITPOINT WARNING * * *
You barely miss Duvessa.
Duvessa is moderately wounded.
Duvessa hits you but does no damage. Duvessa misses you.
You slash Duvessa!
Duvessa is heavily wounded.
Duvessa hits you with a +0 short sword!
You die...

...§§ ##.#...).# ..
#.§######........#
#.§..[....#.....#
#.##...†...........
#..#......#......<#
##...............#...
.........)....##.#..##
#...........>...)...#
#..#..@e.........##..##
.................####(..
##..##...........?......
....#..........(..#....†
...#.....##....##.......
.....### ..).. ###....
...... >..#. #....
#.##.# ### ......
.......


You could see Duvessa (berserk).

Vanquished Creatures
  Sigmund (D:3)
  Eustachio (D:4)
  An ogre (D:4)
  Dowan (D:4)
  A crimson imp (D:4)
  A hound (D:4)
  Ijyb (D:4)
  Terence (D:3)
  2 worker ants (D:4)
  4 adders
  An adder skeleton (D:4)
  5 worms
  2 dart slugs (D:1)
  4 leopard geckos
  11 orcs (D:3)
  3 ball pythons
  7 bats
  3 giant cockroaches
  10 goblins
  9 hobgoblins
  7 jackals (D:4)
  5 kobolds
  2 quokkas
  12 frilled lizards
  A leopard gecko skeleton (D:4)
  5 rats
101 creatures vanquished.

Notes
Turn   | Place    | Note
-------+----------+-------------------------------------------
     0 | D:1      | Revguard the Demonspawn Gladiator began the quest for the
                  | Orb.
     0 | D:1      | Reached XP level 1. HP: 16/16 MP: 1/1
   353 | D:1      | Gained mutation: You are partially covered in large bone
                  | plates. (SH +4) [demonic ancestry]
   353 | D:1      | Reached XP level 2. HP: 22/22 MP: 2/2
   374 | D:1      | Reached skill level 3 in Axes
   573 | D:1      | Gained mutation: You are mostly covered in large bone
                  | plates. (SH +6) [demonic ancestry]
   573 | D:1      | Reached XP level 3. HP: 25/28 MP: 3/3
   883 | D:2      | Gained mutation: Your skin changes colour to match your
                  | surroundings (Stealth+). [potion of mutation]
   883 | D:2      | Gained mutation: You expend magic power (3 MP) to
                  | strengthen your wands. [potion of mutation]
  1508 | D:3      | Noticed Sigmund
  1512 | D:3      | Reached skill level 1 in Armour
  1529 | D:3      | Killed Sigmund
  1529 | D:3      | Reached skill level 4 in Axes
  1529 | D:3      | Reached XP level 4. HP: 11/34 MP: 4/4
  1529 | D:3      | Reached XP level 5. HP: 12/40 MP: 5/5
  1866 | D:3      | Noticed Terence
  1899 | D:3      | Killed Terence
  2095 | D:3      | Gained mutation: When hurt, damage is shared between your
                  | health and your magic reserves. [demonic ancestry]
  2095 | D:3      | Reached XP level 6. HP: 47/47 MP: 6/6
  2313 | D:3      | Lost mutation: You expend magic power (3 MP) to strengthen
                  | your wands. [potion of mutation]
  2313 | D:3      | Lost mutation: Your skin changes colour to match your
                  | surroundings (Stealth+). [potion of mutation]
  2313 | D:3      | Gained mutation: You possess an exceptional clarity of
                  | mind. [potion of mutation]
  2313 | D:3      | Gained mutation: Your body sometimes deteriorates upon
                  | taking damage. [potion of mutation]
  2313 | D:3      | Gained mutation: Your muscles are strong. (Str +2) [potion
                  | of mutation]
  2313 | D:3      | Gained mutation: You expend magic power (3 MP) to
                  | strengthen your wands. [potion of mutation]
  2718 | D:4      | Reached skill level 5 in Axes
  2780 | D:4      | Noticed Ijyb
  2782 | D:4      | Noticed Eustachio
  2807 | D:4      | Killed Eustachio
  2807 | D:4      | Reached XP level 7. HP: 15/52 MP: 7/7
  2810 | D:4      | Killed Ijyb
  2940 | D:4      | Noticed Dowan
  2953 | D:4      | Killed Dowan
  2953 | D:4      | Reached skill level 6 in Axes
  2970 | D:4      | Noticed Duvessa
  2982 | D:4      | HP: 1/53 [Duvessa/+0 short sword (5)]
  2984 | D:4      | Mangled by Duvessa

Skill      XL: |  1  2  3  4  5  6  7 |
---------------+----------------------+-----
Axes           | 3 4 5 6 |  6.2
Dodging        | 3 |  3.7
Armour         | 1 2 3 |  3.1
Fighting       | 3 |  3.7
Throwing       | |  1.7

Action                   |  1- 3 |  4- 6 |  7- 9 || total
-------------------------+-------+-------+-------++-------
Melee: War axe           |   125 |   156 |    44 ||   325
  Use: Scroll            |     5 |     1 |     4 ||    10
       Potion            |     3 |     3 |     1 ||     7
 Stab: Sleeping          |     3 |       |       ||     3
       Distracted        |       |     1 |       ||     1
  Eat: Chunk             |     1 |     5 |     1 ||     7
Armor: Leather armour    |     8 |       |       ||     8
       Ring mail         |    30 |    16 |       ||    46
       Scale mail        |       |    49 |    22 ||    71
Dodge: Dodged            |    73 |   125 |    19 ||   217
Block: Other             |    20 |    56 |    12 ||    88
